 Dungeon Crawl Stone Soup version 0.20-a0-277-g7db01f4 (webtiles) character file.

369 FitzyFitz the Digger (level 6, -7/28 HPs)
             Began as a Vine Stalker Earth Elementalist on Dec 11, 2016.
             Shot with an arrow by a centaur (9 damage)
             ... on level 5 of the Dungeon on Dec 12, 2016.
             The game lasted 00:12:43 (3396 turns).

FitzyFitz the Digger (VSEE)                         Turns: 3396, Time: 00:12:44

Health: -7/28      AC:  3    Str: 12    XL:     6   Next: 70%
Magic:  0/10       EV: 11    Int: 17    God:
Gold:   141        SH:  7    Dex: 15    Spells: 2/9 levels left

rFire  . . .     SeeInvis .     k - +0 dagger (distort)
rCold  . . .     Gourm    .     c - +0 robe
rNeg   + . .     Faith    .     s - +3 buckler of Cifux {rN+ Str+2}
rPois  .         Spirit   +     n - +0 helmet
rElec  .         Reflect  .     (no cloak)
rCorr  .         Harm     .     (no gloves)
MR     .....     Rnd*Tele +     (no boots)
Stlth  +++.......               (no amulet)
                                (no ring)
                                m - ring of teleportation (curse)

@: no status effects
A: fangs 2, regeneration 1, magic shield, antimagic bite, no device heal 3, rot
immunity
a: no special abilities


You were on level 5 of the Dungeon.
You were very hungry.

You visited 1 branch of the dungeon, and saw 5 of its levels.

You collected 141 gold pieces.

Inventory:

Hand Weapons
 a - a +0 dagger
 h - a +0 broad axe
 k - a +0 dagger of distortion (weapon)
 l - a +1 dagger of venom
 o - a +0 hand axe of chopping
 t - a +2 dagger of speed
Missiles
 b - 211 stones
 q - 6 tomahawks of returning (quivered)
Armour
 c - a +0 robe (worn)
 n - a +0 helmet (worn)
 s - the +3 buckler of Cifux (worn) {rN+ Str+2}
   (You found it on level 4 of the Dungeon)

   It affects your strength (+2).
   It protects you from negative energy.
 v - a +0 large shield
Jewellery
 m - a cursed ring of teleportation (left hand)
Wands
 r - a wand of flame (14/48)
Scrolls
 g - a scroll of immolation {unknown}
 j - a scroll of enchant armour {unknown}
Potions
 f - 4 potions of curing
 i - 2 potions of brilliance
 p - a potion of might {unknown}
 u - 2 potions of haste {unknown}
Books
 e - a book of Geomancy

   Spells                             Type                      Level
   a - Sandblast                      Earth                        1
   b - Passwall                       Transmutation/Earth          2
   c - Stone Arrow                    Conjuration/Earth            3
   d - Petrify                        Transmutation/Earth          4
   e - Lee's Rapid Deconstruction     Earth                        5
Comestibles
 d - 3 bread rations
 w - 3 fruits


   Skills:
 - Level 2.4 Short Blades
 - Level 1.5 Dodging
 - Level 4.2 Stealth
 + Level 1.2 Shields
 - Level 2.1 Spellcasting
 - Level 1.0 Transmutations
 - Level 5.7 Earth Magic


You had 2 spell levels left.
You knew the following spells:

 Your Spells              Type           Power        Failure   Level  Hunger
a - Sandblast             Erth           ###...       2%          1    #......
b - Petrify               Tmut/Erth      ##......     78%         4    #####..
c - Passwall              Tmut/Erth      ##........   12%         2    ###....


Dungeon Overview and Level Annotations

Branches:
Dungeon (5/15)
 Temple: D:4-7

Altars:
Cheibriados
Kikubaaqudgha
Ru
Uskayaw
Vehumet

Annotations:
D:5 Grinder


Innate Abilities, Weirdness & Mutations

You have extremely sharp teeth.
Your natural rate of healing is unusually fast.
When hurt, damage is shared between your health and your magic reserves.
Your bite disrupts and absorbs the magic of your enemies.
Potions and wands cannot restore your health.
You are immune to rotting.


Message History

You see here 2 arrows.
Okay, then.
Unknown command.
Unknown command.
Cast which spell? (? or * to list)
Okay, then.
Unknown command.
Unknown command.
The centaur shoots an arrow.
The arrow hits you!
You see here an arrow.
The centaur shoots an arrow.
The arrow hits you.
You see here an arrow.
Cast which spell? (? or * to list) Which direction?
The centaur shoots an arrow.
The arrow hits you!
* * * LOW HITPOINT WARNING * * *
The centaur shoots an arrow.
The arrow barely misses you.
You begin to meditate on the wall.
You continue meditating on the rock.
The centaur shoots an arrow.
The arrow hits you!
You die...

#####...>..... #
##...##....#.#..
##.....##...#..##
#.......#...##.#
#..._.......# ..
#.......#...#
##.....###### .
##...###
...#####@#
....##..(#######
........(....5.#
..>.........##.#
####....a...#
#........#
#...c..(....
#....[...###
#........#


You could see a centaur and a worker ant.

Vanquished Creatures
  An ogre (D:4)
  A bullfrog zombie (D:5)
  An orc priest (D:3)
  An orc wizard (D:3)
  5 adders
  A shadow imp (D:5)
  A worm (D:2)
  3 dart slugs
  9 orcs (D:3)
  5 bats
  5 giant cockroaches
  12 goblins
  9 hobgoblins
  5 jackals
  6 kobolds
  3 quokkas
  2 ball pythons
  2 frilled lizards (D:3)
  23 rats
95 creatures vanquished.

Vanquished Creatures (others)
  An orc wizard (D:2)
  3 orcs (D:3)
  A giant cockroach (D:5)
  A kobold (D:3)
6 creatures vanquished.

Grand Total: 101 creatures vanquished

Notes
Turn   | Place    | Note
-------+----------+-------------------------------------------
     0 | D:1      | FitzyFitz the Vine Stalker Earth Elementalist began the quest for the Orb.
     0 | D:1      | Reached XP level 1. HP: 9/9 MP: 4/4
   104 | D:1      | Reached XP level 2. HP: 10/13 MP: 0/6
   554 | D:1      | Reached skill level 4 in Earth Magic
   789 | D:1      | Reached XP level 3. HP: 13/16 MP: 4/7
  1445 | D:2      | Gained mutation: Your natural rate of healing is unusually fast. [Vine Stalker growth]
  1445 | D:2      | Reached XP level 4. HP: 21/21 MP: 8/8
  1454 | D:2      | Learned a level 4 spell: Petrify
  1457 | D:2      | Learned a level 2 spell: Passwall
  1661 | D:2      | Found an ancient bone altar of Kikubaaqudgha.
  1700 | D:2      | Reached skill level 1 in Short Blades
  1777 | D:3      | Reached skill level 5 in Earth Magic
  1777 | D:3      | Reached XP level 5. HP: 22/24 MP: 7/9
  2820 | D:4      | Noticed an ogre
  2879 | D:4      | Reached XP level 6. HP: 28/28 MP: 10/10
  2973 | D:4      | Found a radiant altar of Vehumet.
  2980 | D:4      | Got a slimy buckler
  2988 | D:4      | Identified the +3 buckler of Cifux {rN+ Str+2} (You found it on level 4 of the Dungeon)
  3095 | D:4      | Found a snail-covered altar of Cheibriados.
  3240 | D:5      | Entered Level 5 of the Dungeon
  3308 | D:5      | Found a sacrificial altar of Ru.
  3373 | D:5      | Found a hide-covered altar of Uskayaw.
  3386 | D:5      | Reached skill level 1 in Shields
  3392 | D:5      | Noticed Grinder
  3395 | D:5      | HP: 1/28 [centaur/arrow (8)]
  3396 | D:5      | Shot with an arrow by a centaur

Vault maps used:
D:1:      erik_arrival_orb_chamber, st_stairs_11
D:2:      lemuel_round_altar
D:3:      serial_bayou_lake_a
D:4:      kennysheep_slug_shrine, first_bread, vehumet_altar_wand_db
D:5:      nicolae_overflow_crystal_walls, lemuel_round_altar, serial_shops,
          nicolae_shop_overgrown_old_shop, uniq_edmund, uniq_grinder

Skill      XL: |  1  2  3  4  5  6 |
---------------+-------------------+-----
Earth Magic    | 4 5 |  5.7
Short Blades   | 1 2 |  2.4
Stealth        | 3 4 |  4.2
Shields        | 1 |  1.2
Dodging        | |  1.5
Spellcasting   | |  2.1
Transmutations | |  1.0

Action                   |  1- 3 |  4- 6 || total
-------------------------+-------+-------++-------
Melee: Dagger            |    94 |   140 ||   234
       Bite              |    18 |    27 ||    45
 Cast: Sandblast         |    25 |     2 ||    27
       Petrify           |       |     2 ||     2
       Passwall          |       |     1 ||     1
  Use: Scroll            |     4 |     4 ||     8
 Stab: Sleeping          |     2 |     7 ||     9
  Eat: Chunk             |     2 |     6 ||     8
Armor: Robe              |    16 |    23 ||    39
Dodge: Dodged            |    62 |    72 ||   134
Block: Buckler           |       |     1 ||     1
